 Dungeon Crawl Stone Soup version bcrawl-1.37.2 (webtiles) character file.

Game seed: 3193926226729119051

14132995 foxfromabyss the Wrestler (level 18, -1/189 HPs)
             Began as a Troll Monk on Dec 9, 2022.
             Was the Champion of Wu Jian.
             Slain by a +0 battleaxe of chopping (4 damage)
             ... on level 1 of the Elven Halls.
             The game lasted 00:44:15 (27884 turns).

foxfromabyss the Wrestler (Troll Monk)             Turns: 27884, Time: 00:44:15

Health: -1/189     AC: 17    Str: 27    XL:     18   Next: 56%
Magic:  0/18       EV: 11    Int: 10    God:    Wu Jian [******]
Gold:   2596       SH:  0    Dex: 12    Spells: 9/17 levels left

rFire    . . .     GDR:     28%   - Claws (53.8)
rCold    + . .     SeeInvis +   (no shield)
rNeg     + . .     Gourm    +   (armour unavailable)
rPois    +         Faith    .   U - +2 hat of the Bear Spirit {Spirit, +Rage rN+ MR++}
rElec    .         Spirit   +   t - +2 cloak {+Inv}
rCorr    .         Reflect  .   (gloves unavailable)
MR       +++..                  (boots unavailable)
Stlth    +.........             Y - amulet of regeneration
HPRegen  1.21/turn              z - ring of see invisible
MPRegen  0.16/turn              w - ring of poison resistance

@: exhausted, lightly drained
A: large, almost no armour, claws 3, cold resistance 1, fast metabolism 3,
gourmand, regeneration 2, AC +12
}: 2/15 runes: serpentine, gossamer
a: Wall Jump, Serpent's Lash, Heavenly Storm, Renounce Religion, Evoke Berserk
Rage, Evoke Invisibility


You were on level 1 of the Elven Halls.
You worshipped Wu Jian.
Wu Jian was exalted by your worship.
You were not hungry.

You visited 7 branches of the dungeon, and saw 27 of its levels.
You also visited: Gauntlet.

You collected 3556 gold pieces.
You spent 960 gold pieces at shops.

Inventory:

Hand Weapons
 b - the +7 war axe of the Dark Horse {freeze, MR+}
   (You found it on level 3 of the Spider Nest)

   It has been specially enchanted to freeze those struck by it, increasing
   damage dealt by approximately one third against foes not resistant or
   susceptible to cold, and potentially slowing cold-blooded foes.
   It affects your resistance to hostile enchantments.
 E - a +0 blowgun
Missiles
 s - 804 poisoned tomahawks (quivered)
 F - 573 poisoned needles
Armour
 t - a +2 cloak of invisibility (worn)
 U - the +2 hat of the Bear Spirit (worn) {Spirit, +Rage rN+ MR++}
   (You found it in a Gauntlet)

   It protects you from negative energy.
   It affects your resistance to hostile enchantments.
   It lets you go berserk.
Jewellery
 m - the ring of Sikauddilo {Fire rPois MR- Stlth+}
   (You took it off a meliai on level 3 of the Spider Nest)

   [ring of fire]

   It enhances your fire magic.
   It protects you from fire.
   It makes you vulnerable to cold.
   It protects you from poison.
   It affects your resistance to hostile enchantments.
   It makes you more stealthy.
 w - a ring of poison resistance (right claw)
 z - a ring of see invisible (left claw)
 D - the cursed ring of Ryvveiro {*Slow rPois rF+++ EV-2 Dex-3}
   (You took it off a minotaur in a Gauntlet)

   [ring of evasion]

   It affects your evasion (-2).
   It affects your dexterity (-3).
   It renders you almost immune to fire.
   It protects you from poison.
   It may slow you when you take damage.
   It has a curse placed upon it.
 G - an uncursed ring of protection from fire
 R - an uncursed ring of ice
 Y - an amulet of regeneration (around neck)
Wands
 i - a wand of polymorph (9)
 x - a wand of scattershot (4)
 P - a wand of acid (22)
 S - a wand of random effects (8)
 V - a wand of iceblast (12)
 Z - a wand of paralysis (12)
Scrolls
 a - a scroll of silence
 c - 7 scrolls of remove curse
 f - 3 scrolls of fog
 h - 3 scrolls of blinking
 j - 4 scrolls of teleportation
 k - 6 scrolls of amnesia
 o - 5 scrolls of magic mapping
 q - 4 scrolls of enchant armour
 v - 4 scrolls of immolation
 B - 5 scrolls of enchant weapon
 T - a scroll of summoning
 X - 2 scrolls of fear
Potions
 d - 7 potions of curing
 g - a potion of invisibility
 l - 8 potions of lignification
 n - 5 potions of haste
 p - 5 potions of heal wounds
 r - 5 potions of resistance
 u - 4 potions of might
 A - 5 potions of ambrosia
 C - a potion of agility
 H - 5 potions of flight
 I - 8 potions of brilliance
 J - a potion of magic
 K - 3 potions of cancellation
 L - 2 potions of mutation
 O - a potion of berserk rage
 Q - a potion of degeneration
Miscellaneous
 M - a lightning rod (4/4)
 W - 2 phantom mirrors
Comestibles
 e - 34 rations {!d}


   Skills:
 + Level 14.0(13.7) Fighting
 + Level 4.2(3.9) Dodging
 - Level 1.1(0.9) Stealth
 * Level 21.2(20.8) Unarmed Combat
 - Level 11.2(10.9) Transmutations
 - Level 17.0(16.7) Earth Magic
   Level 2.0(1.7) Invocations


You had 9 spell levels left.
You knew the following spells:

 Your Spells              Type           Power        Failure   Level  Hunger
a - Passwall              Tmut/Erth      ####....     1%          2    ####...
b - Statue Form           Tmut/Erth      ####.....    21%         6    #######

Your spell library contained the following spells:

 Spells                   Type           Power        Failure   Level  Hunger
 Beastly Appendage        Tmut           ###...       1%          1    None
 Sticks to Snakes         Tmut           ###.....     1%          2    ####...
 Spider Form              Tmut/Pois      ##.          12%         3    #####..
 Blade Hands              Tmut           ###.......   12%         5    #######
 Apportation              Tloc           #.....       36%         1    None
 Summon Butterflies       Summ           #.......     36%         1    None
 Summon Small Mammal      Summ           #...         36%         1    None
 Ice Form                 Ice/Tmut       ##......     38%         4    ######.
 Tree Form                Hex/Tmut       N/A          38%         4    ######.
 Call Imp                 Summ           #.....       50%         2    ####...
 Poisonous Vapours        Pois/Air       #.....       50%         2    ####...
 Shock                    Conj/Air       #......      50%         2    ####...
 Beckoning                Tloc           #.........   75%         3    #####..
 Call Canine Familiar     Summ           #.......     75%         3    #####..
 Conjure Flame            Conj/Fire      #.......     75%         3    #####..
 False Image              Hex/Summ       #.......     75%         3    #####..
 Mephitic Cloud           Conj/Pois/Air  #.......     75%         3    #####..
 Recall                   Summ/Tloc      N/A          75%         3    #####..
 Tukima's Dance           Hex            #.......     75%         3    #####..
 Summon Ice Beast         Ice/Summ       #.......     98%         4    ######.
 Dragon Form              Tmut           ###....      98%         7    #######
 Freezing Cloud           Ice/Air        #.......     100%        5    #######
 Metabolic Englaciation   Hex/Ice        #.........   100%        5    #######
 Steam Barrier            Chrm/Fire      #.........   100%        5    #######
 Summon Lightning Spire   Summ/Air       #.......     100%        5    #######
 Summon Mana Viper        Hex/Summ       #.......     100%        5    #######
 Venom Bolt               Conj/Pois      #.........   100%        5    #######
 Deflect Missiles         Chrm/Air       #.........   100%        6    #######
 Infestation              Hex/Tmut/Pois  #........    100%        6    #######
 Invisibility             Hex            #.......     100%        6    #######
 Poison Arrow             Conj/Pois      #.........   100%        6    #######
 Summon Hydra             Summ           #.........   100%        6    #######
 Discord                  Hex            #.........   100%        7    #######
 Mana Rupture             Conj/Hex       #.........   100%        7    #######
 Necromutation            Tmut/Necr      ##......     100%        8    #######
 Shatter                  Erth           ####......   100%        9    #######


Dungeon Overview and Level Annotations

Branches:
Dungeon (12/12)            Temple (1/1) D:4            Lair (6/6) D:9
  Snake (3/3) Lair:4       Spider (3/3) Lair:3        Slime (0/5) Lair:5
    Orc (1/1) D:9             Elf (1/3) Orc          Vaults (0/3) D:12
 Depths (0/5) D:12

Altars:
Ashenzari
Cheibriados
Dithmenos
Elyvilon
Fedhas
Gozag
Hepliaklqana
Kikubaaqudgha
Lugonu
Makhleb
Nemelex Xobeh
Okawaru
Qazlal
Ru
Sif Muna
Trog
Uskayaw
Vehumet
Wu Jian
Xom
Yredelemnul
Zin
The Shining One
Beogh
Jiyva

Shops:
D:8 :   D:9 [   D:12 =[=   Orc *(=*[

Annotations:
D:6 2 runed doors


Innate Abilities, Weirdness & Mutations

You cannot wear most types of armour.
Your thick skin is tough. (AC +12)
You are too large for most types of armour.
You have claws for hands.
Your flesh is cold resistant. (rC+)
Your metabolism is lightning-fast.
You like to eat raw meat.
You heal very quickly.


Message History

You blow up the deep elf knight!
The Council accepts your kill.
You feel drained.
Your supernatural speed expires.
A +0 battleaxe of chopping is nearby!
A +0 battleaxe of chopping is nearby!
A +0 battleaxe of chopping is nearby!
You spin and attack the +0 battleaxe of chopping repeatedly.
You closely miss the +0 battleaxe of chopping.
Your claw misses the +0 battleaxe of chopping.
The +0 battleaxe of chopping is severely damaged.
You scratch the +0 battleaxe of chopping but do no damage.
The +0 battleaxe of chopping is severely damaged.
The +0 battleaxe of chopping hits you!!
* * * LOW HITPOINT WARNING * * *
x2
Things that are here:
a +0 morningstar; a +0 leather armour; an orc corpse The +0 battleaxe of chopping hits you.
* * * LOW HITPOINT WARNING * * *
Snnnck.
You die...

###############
#.............#
#.<.......).⌠.#
#.........)[..#
###########...#
#.....#))°#
..........)#
..........(.#
..e#.....#.@.#
...###########
...... .....
..... ####


You could see a +0 battleaxe of chopping.

Vanquished Creatures
  Vashnia (Snake:2)
  Jorgrun (Snake:3)
  Kirke (Lair:5)
  10 nagarajas
  Donald (Spider:2)
  An emperor scorpion (Spider:3)
  4 ghost moths (Spider:3)
  Aizul (Spider:2)
  An orc warlord (Orc)
  The ghost of yrara the Fencer, a journeyman DsFi of Gozag (Orc)
  Nessos (Orc)
  A minotaur (Gauntlet)
  3 entropy weavers
  The ghost of lis82 the Eclecticist, a journeyman AvCj of Sif Muna (D:12)
  2 spark wasps (Spider:3)
  An ettin (Orc)
  Urug (Lair:2)
  Fannar (Lair:2)
  9 hydras
  The ghost of yrara the Cleaver, a journeyman DsFi of Gozag (Lair:1)
  12 naga warriors
  2 rakshasas (Snake:3)
  A death knight (D:8)
  20 anacondas
  6 two-headed ogres
  Sonja (Lair:2)
  A dancing weapon (Elf:1)
  A queen ant (D:11)
  12 death yaks
  3 sea snakes
  3 orc high priests
  8 shock serpents
  12 naga sharpshooters
  2 deep elf knights (Elf:1)
  A salamander mystic (Snake:2)
  A fire crab (Gauntlet)
  2 unseen horrors (D:8)
  A flayed ghost (D:12)
  A wizard (D:12)
  2 wolf spider zombies (D:12)
  9 naga ritualists
  Pikel (D:6)
  2 lindwurms (Lair:6)
  3 orange crystal statues (Spider:2)
  A deep elf archer (Elf:1)
  3 cyclopes
  28 wolf spiders
  2 necromancers (D:12)
  An ugly thing (D:12)
  15 orb spiders
  4 manticores
  5 orc knights
  8 mana vipers
  4 salamanders
  5 deep elf magi
  2 oklob plants (Lair:1)
  5 orc sorcerers
  2 moths of wrath (Spider:2)
  16 guardian serpents
  42 black mambas
  22 naga magi
  8 elephants
  12 demonic crawlers
  3 rime drakes (Lair:6)
  A gargoyle (D:12)
  2 minotaur zombies (Gauntlet)
  A large abomination (Gauntlet)
  8 cane toads
  17 jumping spiders
  9 komodo dragons
  3 freezing wraiths (D:12)
  2 polar bears
  A tengu conjurer (D:10)
  2 trolls
  An eye of draining (D:11)
  A harpy zombie (D:12)
  3 meliai (Spider:3)
  A wolf spider simulacrum (Gauntlet)
  3 slime creatures (D:10)
  2 harpy skeletons (D:12)
  2 dream sheep (Lair:6)
  16 blink frogs
  8 hornets
  7 hippogriffs
  20 tarantellas
  A spriggan (D:7)
  3 shadows (D:12)
  4 basilisks
  4 fire bats (Gauntlet)
  2 wyverns
  4 hogs (Lair:5)
  4 wraiths (D:12)
  30 yaks
  A hungry ghost (D:10)
  A steam dragon (D:6)
  57 redbacks
  2 wargs (Orc)
  A harpy simulacrum (Gauntlet)
  14 crocodiles
  Edmund (D:4)
  43 nagas
  19 water moccasins
  An acid dragon (Lair:2)
  A floating eye (Gauntlet)
  3 soldier ants (D:11)
  9 porcupines
  23 orc warriors
  3 black bears
  5 ice beasts
  4 sky beasts
  2 phantoms
  2 hornet zombies
  5 ogres
  A necrophage (D:8)
  17 wolves
  13 bullfrogs
  2 kobold brigands
  3 centaurs
  A water moccasin zombie (D:6)
  2 scorpions
  A hornet simulacrum (Gauntlet)
  A killer bee (D:6)
  8 wights
  4 howler monkeys
  2 electric eels
  12 orc priests
  5 crimson imps
  2 quasits
  12 hounds
  2 jellies
  3 bullfrog skeletons (D:6)
  16 orc wizards
  A gnoll shaman (D:6)
  8 iguanas
  Natasha (thrice) (D:4)
  2 hell rats
  37 worker ants
  2 hound zombies
  3 hound skeletons
  8 gnolls
  2 howler monkey skeletons
  16 adders
  A shadow imp (D:8)
  2 oozes
  2 worms
  An adder skeleton (D:6)
  5 dart slugs
  3 leopard geckos
  76 orcs
  4 ball pythons
  4 bats
  2 giant cockroaches
  5 goblins
  13 hobgoblins
  14 jackals
  15 kobolds
  4 quokkas
  3 frilled lizards
  3 rats
  A fungus (Lair:6)
1044 creatures vanquished.

Vanquished Creatures (others)
  A tarantella (Spider:3)
  A redback (Spider:3)
  A sky beast (D:6)
  A slave (D:6)
  A bullfrog (D:6)
  A hound (D:6)
  An adder (D:6)
  A gnoll (D:6)
  3 orcs (D:6)
  A bush (Lair:2)
  8 fungi
  10 plants
30 creatures vanquished.

Grand Total: 1074 creatures vanquished

Notes
Turn   | Place    | Note
-------+----------+-------------------------------------------
     0 | D:1      | foxfromabyss the Troll Monk began the quest for the Orb.
     0 | D:1      | Reached XP level 1. HP: 22/22 MP: 1/1
    57 | D:1      | Reached XP level 2. HP: 21/29 MP: 2/2
   389 | D:1      | Found a radiant altar of Vehumet.
   593 | D:2      | Reached XP level 3. HP: 36/36 MP: 3/3
   684 | D:2      | Reached skill level 4 in Unarmed Combat
   685 | D:2      | Found a snail-covered altar of Cheibriados.
   935 | D:2      | Found a shattered altar of Ashenzari.
  1033 | D:2      | Gained mutation: Your natural rate of healing is unusually
                  | fast. [Troll growth]
  1033 | D:2      | Reached XP level 4. HP: 35/45 MP: 2/4
  1519 | D:3      | Found a hide-covered altar of Uskayaw.
  1540 | D:3      | Reached skill level 5 in Unarmed Combat
  1587 | D:3      | Reached XP level 5. HP: 44/53 MP: 2/5
  2135 | D:4      | Noticed Natasha
  2140 | D:4      | Killed Natasha
  2169 | D:4      | Reached XP level 6. HP: 62/62 MP: 6/6
  2219 | D:4      | Noticed Natasha
  2228 | D:4      | Killed Natasha
  2229 | D:4      | Reached skill level 6 in Unarmed Combat
  2252 | D:4      | Found a shadowy altar of Dithmenos.
  2296 | D:4      | Found a staircase to the Ecumenical Temple.
  2364 | Temple   | Entered the Ecumenical Temple
  2649 | D:4      | Noticed Natasha
  2651 | D:4      | Found a stormy altar of Qazlal.
  2653 | D:4      | Killed Natasha
  2661 | D:4      | Reached XP level 7. HP: 33/71 MP: 3/7
  2668 | D:4      | Reached skill level 7 in Unarmed Combat
  2823 | D:4      | Noticed Edmund
  2835 | D:4      | Killed Edmund
  3007 | D:5      | Entered Level 5 of the Dungeon
  3524 | D:5      | Found an ornate altar of the Wu Jian Council.
  3524 | D:5      | Found a hide-covered altar of Uskayaw.
  3530 | D:5      | Became a worshipper of the Wu Jian Council
  3530 | D:5      | Reached * piety under Wu Jian
  3530 | D:5      | Reached ** piety under Wu Jian
  3580 | D:6      | Reached skill level 5 in Fighting
  3580 | D:6      | Reached skill level 8 in Unarmed Combat
  3580 | D:6      | Reached XP level 8. HP: 75/80 MP: 6/8
  3720 | D:6      | Found a large runed door.
  3720 | D:6      | Found a large runed door.
  3732 | D:6      | Found a large runed door.
  3732 | D:6      | Found a large runed door.
  3778 | D:6      | Found the +3 hat of Pondering {ponderous, MR+ MP+10 Int+5}
  3794 | D:6      | Reached skill level 9 in Unarmed Combat
  3959 | D:6      | Found a sparkling altar of Nemelex Xobeh.
  4047 | D:6      | Found a bloodstained altar of Trog.
  4140 | D:6      | Reached skill level 10 in Unarmed Combat
  4177 | D:6      | Noticed Pikel
  4194 | D:6      | Killed Pikel
  4195 | D:6      | Reached XP level 9. HP: 92/92 MP: 9/9
  4413 | D:6      | Reached *** piety under Wu Jian
  4436 | D:6      | Found a shimmering altar of Xom.
  4664 | D:6      | Reached skill level 11 in Unarmed Combat
  4679 | D:6      | Noticed a cyclops
  4682 | D:6      | Killed a cyclops
  4731 | D:6      | Got a transparent short sword
  4986 | D:7      | Reached XP level 10. HP: 102/102 MP: 10/10
  4995 | D:7      | Reached skill level 12 in Unarmed Combat
  5033 | D:7      | Noticed a deep elf mage
  5069 | D:7      | Killed a deep elf mage
  5069 | D:7      | Reached **** piety under Wu Jian
  5354 | D:8      | Killed an unseen horror
  5366 | D:8      | Identified the +12 demon trident "Qisah" {protect, rElec
                  | rC+}
  5366 | D:8      | Noticed a death knight
  5367 | D:8      | Killed an unseen horror
  5368 | D:8      | Reached skill level 13 in Unarmed Combat
  5594 | D:8      | Found Radeyxil's Book Emporium.
  5667 | D:8      | Killed a death knight
  5668 | D:8      | Noticed a cyclops
  5679 | D:8      | Killed a cyclops
  5680 | D:8      | Reached XP level 11. HP: 68/113 MP: 8/11
  5722 | D:8      | Noticed a deep elf mage
  5730 | D:8      | Killed a deep elf mage
  5787 | D:8      | Identified the +11 war axe of Luxury {venom, *Noise +Inv
                  | Str+6}
  5787 | D:8      | Noticed a deep elf mage
  5814 | D:8      | Reached ***** piety under Wu Jian
  5825 | D:8      | Killed a deep elf mage
  5826 | D:8      | Reached skill level 14 in Unarmed Combat
  5911 | D:8      | Noticed an orc knight
  5919 | D:8      | Killed an orc knight
  6146 | D:9      | Noticed a death yak
  6153 | D:9      | Noticed a death yak
  6156 | D:9      | Killed a death yak
  6161 | D:9      | Noticed a death yak
  6163 | D:9      | Killed a death yak
  6182 | D:9      | Killed a death yak
  6189 | D:9      | Found a staircase to the Lair.
  6219 | D:9      | Found a staircase to the Orcish Mines.
  6470 | D:9      | Found Gisih's Armour Emporium.
  6881 | D:9      | Found a basalt altar of Yredelemnul.
  7241 | Lair:1   | Entered Level 1 of the Lair of Beasts
  7419 | Lair:1   | Reached skill level 15 in Unarmed Combat
  7549 | Lair:1   | Found a runed translucent door.
  7549 | Lair:1   | Noticed yrara's ghost (journeyman DsFi)
  7881 | Lair:1   | Noticed an oklob plant
  7881 | Lair:1   | Noticed an oklob plant
  8625 | Lair:1   | Killed an oklob plant
  8629 | Lair:1   | Killed an oklob plant
  8752 | Lair:2   | Noticed Fannar
  8757 | Lair:2   | Killed Fannar
  8757 | Lair:2   | Reached skill level 10 in Fighting
  8757 | Lair:2   | Gained mutation: You heal very quickly. [Troll growth]
  8757 | Lair:2   | Reached XP level 12. HP: 126/126 MP: 12/12
  8772 | Lair:2   | Noticed Urug
  8778 | Lair:2   | Killed Urug
  8789 | Lair:2   | Noticed Sonja
  8880 | Lair:2   | Killed Sonja
  8975 | Lair:2   | Reached skill level 16 in Unarmed Combat
  9329 | Lair:2   | Noticed a four-headed hydra
  9348 | Lair:2   | Killed a 14-headed hydra
  9658 | Lair:3   | Reached ****** piety under Wu Jian
  9719 | Lair:3   | Noticed a four-headed hydra
  9735 | Lair:3   | Killed a nine-headed hydra
 10162 | Lair:3   | Reached skill level 17 in Unarmed Combat
 10213 | Lair:3   | Noticed a six-headed hydra
 10223 | Lair:3   | Killed a ten-headed hydra
 10467 | Lair:3   | Found a hole to the Spider Nest.
 10810 | Lair:4   | Reached XP level 13. HP: 125/137 MP: 11/13
 10882 | Lair:4   | Found a staircase to the Snake Pit.
 11888 | Lair:5   | Reached skill level 18 in Unarmed Combat
 12014 | Lair:5   | Identified the Incunabulum of Hurtful Companions
 12194 | Lair:5   | Noticed Kirke
 12356 | Lair:5   | Killed Kirke
 12476 | Lair:5   | Found a viscous altar of Jiyva.
 12476 | Lair:5   | Found a staircase to the Slime Pits.
 12746 | Lair:6   | Entered Level 6 of the Lair of Beasts
 13266 | Lair:6   | Reached XP level 14. HP: 102/149 MP: 10/14
 13372 | Lair:6   | Identified the Volume of the Ashen Entourage
 13612 | Lair:6   | Reached skill level 19 in Unarmed Combat
 13657 | Lair:6   | HP: 7/150 [lindwurm/blast of flame (37)]
 14290 | Lair:1   | Killed yrara's ghost
 14361 | Lair:1   | Identified a scroll of acquirement
 14367 | Lair:1   | Identified the ring of Jeeguler {AC+6 Stlth+} (You acquired
                  | it on level 1 of the Lair of Beasts)
 14438 | D:10     | Entered Level 10 of the Dungeon
 14478 | D:8      | Bought a book of Transfigurations for 660 gold pieces
 14478 | D:8      | Bought a book of Changes for 300 gold pieces
 16705 | Orc      | Entered the Orcish Mines
 16802 | Orc      | Found Peuhopn's Assorted Antiques.
 17004 | Orc      | Noticed an orc warlord
 17008 | Orc      | Reached skill level 20 in Unarmed Combat
 17008 | Orc      | Found a roughly hewn altar of Beogh.
 17011 | Orc      | Killed an orc warlord
 17015 | Orc      | Found Uqan's Antique Weapon Shoppe.
 17026 | Orc      | Noticed Nessos
 17028 | Orc      | Killed Nessos
 17057 | Orc      | Found Xasmeaci's General Store.
 17060 | Orc      | Found Zorood's Antique Armour Shoppe.
 17071 | Orc      | Found Kyheyrch's Jewellery Shoppe.
 17188 | Orc      | Found a staircase to the Elven Halls.
 17517 | Orc      | Found a transporter.
 17518 | Orc      | Noticed yrara's ghost (journeyman DsFi)
 17519 | Orc      | Found a transporter.
 17672 | Orc      | Killed yrara's ghost
 17676 | Orc      | Reached XP level 15. HP: 142/161 MP: 13/15
 17892 | D:12     | Entered Level 12 of the Dungeon
 17938 | D:12     | Found Rucvew's Armour Emporium.
 17941 | D:12     | Found Jyzuug Hisa's Jewellery Shop.
 17956 | D:12     | Found Fif Ollu's Jewellery Shop.
 18140 | D:12     | Found a gate leading to a gauntlet.
 18154 | Gauntlet | Entered a Gauntlet
 18154 | Gauntlet | Found a transporter.
 18154 | Gauntlet | Found a transporter.
 18170 | Gauntlet | Found a transporter.
 18174 | Gauntlet | Found a transporter.
 18184 | Gauntlet | Found a transporter.
 18188 | Gauntlet | Found a transporter.
 18198 | Gauntlet | Found a transporter.
 18219 | Gauntlet | Found a transporter.
 18236 | Gauntlet | Found a transporter.
 18240 | Gauntlet | Found a transporter.
 18250 | Gauntlet | Found a transporter.
 18254 | Gauntlet | Found a transporter.
 18568 | Gauntlet | Identified the cursed ring of Ryvveiro {*Slow rPois rF+++
                  | EV-2 Dex-3}
 18569 | Gauntlet | Found the +2 hat of the Bear Spirit {Spirit, +Rage rN+
                  | MR++}
 19145 | D:12     | Found a staircase to the Depths.
 19420 | D:12     | Found a gate to the Vaults.
 19543 | D:12     | Found a runed translucent gate.
 19543 | D:12     | Found a runed translucent gate.
 19543 | D:12     | Found a runed translucent gate.
 19544 | D:12     | Noticed lis82's ghost (journeyman AvCj)
 19745 | D:12     | Killed lis82's ghost
 19758 | D:12     | Identified Sif Muna's Incunabulum of the Invisible Trolls
                  | (You found it on level 12 of the Dungeon)
 19773 | D:12     | Learned a level 2 spell: Passwall
 19780 | D:12     | Learned a level 6 spell: Statue Form
 20013 | Snake:1  | Entered Level 1 of the Snake Pit
 20013 | Snake:1  | Noticed a nagaraja
 20018 | Snake:1  | Reached skill level 1 in Earth Magic
 20018 | Snake:1  | Killed a nagaraja
 20019 | Snake:1  | Reached skill level 1 in Transmutations
 20224 | Snake:1  | Reached skill level 5 in Earth Magic
 20598 | Snake:1  | Got an encrusted short sword
 20998 | Snake:2  | Reached skill level 5 in Transmutations
 21170 | Snake:2  | Noticed a nagaraja
 21178 | Snake:2  | Killed a nagaraja
 21289 | Snake:2  | Gained mutation: Your flesh is cold resistant. (rC+) [Troll
                  | growth]
 21289 | Snake:2  | Reached XP level 16. HP: 129/171 MP: 10/16
 21531 | Snake:2  | Noticed Vashnia
 21534 | Snake:2  | Reached skill level 10 in Earth Magic
 21536 | Snake:2  | Killed Vashnia
 22063 | Spider:1 | Entered Level 1 of the Spider Nest
 22929 | Spider:2 | Noticed Aizul
 22929 | Spider:2 | Noticed Donald
 22935 | Spider:2 | Killed Aizul
 22935 | Spider:2 | Killed Donald
 23943 | Snake:3  | Entered Level 3 of the Snake Pit
 24168 | Snake:3  | Reached XP level 17. HP: 179/179 MP: 17/17
 24180 | Snake:3  | Found a burning altar of Makhleb.
 24311 | Snake:3  | Noticed Jorgrun
 24316 | Snake:3  | Reached skill level 10 in Transmutations
 24316 | Snake:3  | Killed Jorgrun
 24418 | Snake:3  | Found a runed translucent gate.
 24418 | Snake:3  | Found a runed translucent gate.
 24418 | Snake:3  | Found a runed translucent gate.
 24484 | Snake:3  | HP: 2/179 [something (7)]
 24958 | Snake:3  | Reached skill level 15 in Earth Magic
 25168 | Snake:3  | HP: 8/268 [anaconda (14)]
 25174 | Snake:3  | HP: 8/179 [poisoned by a naga ritualist]
 25179 | Snake:3  | HP: 8/179 [poisoned by a naga ritualist]
 25469 | Snake:3  | Got a serpentine rune of Zot
 25695 | Spider:3 | Entered Level 3 of the Spider Nest
 25744 | Spider:3 | Reached XP level 18. HP: 167/188 MP: 15/18
 26021 | Spider:3 | Identified the +7 war axe of the Dark Horse {freeze, MR+}
 26320 | Spider:3 | Identified the ring of Sikauddilo {Fire rPois MR- Stlth+}
 26478 | Spider:3 | Reached skill level 21 in Unarmed Combat
 26809 | Spider:3 | Got a gossamer rune of Zot
 27209 | Lair:1   | Identified the +5 short sword of Prudence {flame, +Inv rF-
                  | rC+} (You found it on level 1 of the Snake Pit)
 27209 | Lair:1   | Identified the cursed +2 short sword "Lueqedifi" {freeze,
                  | *Slow rF+ Str+6} (You found it on level 6 of the Dungeon)
 27841 | Elf:1    | Entered Level 1 of the Elven Halls
 27881 | Elf:1    | HP: 9/189 [+0 battleaxe of chopping (27)]
 27884 | Elf:1    | HP: 3/189 [+0 battleaxe of chopping (6)]
 27884 | Elf:1    | Slain by a +0 battleaxe of chopping

Skill      XL: |  1  2  3  4  5  6  7  8  9 10 11 12 13 14 15 16 17 18 |
---------------+-------------------------------------------------------+-----
Unarmed Combat | 4 5 6 8 10 11 13 15 17 18 20 21 | 21.2
Fighting       | 3 4 5 6 7 8 10 11 12 13 14 | 14.0
Earth Magic    | 8 14 16 17 | 17.0
Transmutations | 5 9 10 11 | 11.2
Dodging        | 4 |  4.2
Stealth        | |  1.1
Invocations    | |  2.0

Action                   |  1- 3 |  4- 6 |  7- 9 | 10-12 | 13-15 | 16-18 || total
-------------------------+-------+-------+-------+-------+-------+-------++-------
Melee: Unarmed           |    95 |   117 |   237 |   499 |   946 |   937 ||  2831
       Punch             |     1 |     3 |    12 |    34 |    94 |    84 ||   228
Throw: Tomahawk          |       |       |       |       |     2 |       ||     2
 Cast: Passwall          |       |       |       |       |       |     3 ||     3
       Statue Form       |       |       |       |       |       |     4 ||     4
Invok: Lunge             |       |       |    17 |    63 |    90 |    71 ||   241
       Whirlwind         |       |       |       |    33 |   111 |   205 ||   349
       Heavenly Storm    |       |       |       |       |     7 |     8 ||    15
 Abil: Serpent's Lash    |       |       |       |    11 |    19 |    20 ||    50
       Wall Jump         |       |       |       |     1 |     1 |     6 ||     8
       Evoke Berserk Rag |       |       |       |       |       |     1 ||     1
       Evoke Invisibilit |       |       |       |       |       |     1 ||     1
       End Transformatio |       |       |       |       |       |     1 ||     1
  Use: Scroll            |       |       |       |     1 |    21 |    11 ||    33
       Potion            |       |       |       |       |     1 |     2 ||     3
 Stab: Sleeping          |     3 |     1 |     6 |     4 |     2 |       ||    16
       Distracted        |       |       |       |     2 |     2 |     2 ||     6
  Eat: Chunk             |    14 |    11 |    20 |    46 |    82 |    54 ||   227
       Ration            |       |       |       |       |       |     4 ||     4
Armor: Skin              |    40 |    40 |    61 |    98 |   189 |   420 ||   848
Dodge: Dodged            |    50 |    42 |    89 |   128 |   271 |   346 ||   926
